Unix NetHack Version 3.7.0-51 Work-in-progress - last build Mar 7 2022 13:06:07 (ce1e6a145e5d3e7dd6f4b57ba37794bc207988de,branch:master). Game began 2022-03-20 06:22:02, ended 2022-03-26 09:38:25. spontiff, neutral male gnomish Healer ----- --------- |<..--- ------.......-- ------- --------------- |@....---|.........--..| |....)| ------- |.............| --..|....|.--.------|..| |.._..| |>....| --.---.--.----|| --.|-.....--.- |..| |.....| ------ --....|--- |..|...|-.|.-..| --|.........|--- |..-- ---|--- |..-.| ---..|..---|..|--|-..--|..| ----.|....|..----...-- |.| |..|.| --.|-.....-|--........--|| -----..|....|.....---- |.| #...|.|----.......--..........^.....| ------#..)|.............---.-- ##...|.............-|..--------%--..-- |$...|#--.|....---.....%..........#*|.|.......{....|--|.........|..-- |....|# |.|...(..|...|..............|.|............| |........)|...| ---|--..----)|..------......-......-....-...-....--| -----------...| ------.---...-|...-|.)|..................-.......*....|------ |.......-- |..|-.........|..--|..|...........-....|.........-.....|.(.(| |.------- |..-...............-|--...----...|....*........"...-...-.(((| |.|...-. -----.....{....----.............---...*.....*...........|.((.| |.|...| |..............-- |-|--.--------|.........--..|........*------ |.--|------- ||-----.........| |...|.|....| --.......-----....|.....-.------.....|....| |...| --..------- |...|.-.$(.| ---...--- -........(......|...{..-..-|| |...| ---- ------|....| ----- -..--.....----........|..|(| ----- ------ ------- --------------- Spontiff the Empiric St:16 Dx:12 Co:18 In:15 Wi:18 Ch:17 Neutral S:916 Dlvl:6 $:0 HP:76(76) Pw:46(64) AC:-24 Xp:4/92 T:28583 Latest messages: The large dog is suddenly very hot! The large dog bites the red mold. The red mold is killed! What do you want to use or apply? [acfklostwxzDST or ?*] s In what direction? j Status of the large dog (neutral): Level 9 HP 53(72) AC 4, tame, fast. In what direction? j The large dog looks better. What do you want to use or apply? [acfklostwxzDST or ?*] s In what direction? n Status of the large dog (neutral): Level 9 HP 68(72) AC 4, tame, fast. Where do you want to travel to? (For instructions type a '?') What do you want to use or apply? [acfklostwxzDST or ?*] s In what direction? n Status of the large dog (neutral): Level 9 HP 72(72) AC 4, tame, can't move, fast. What do you want to wear? [r or ?*] r You are now wearing a blue and green shield. What do you want to use or apply? [acfklostwxzDST or ?*] f Z - an uncursed wand of polymorph. You see here a +0 pair of hard shoes. What do you want to zap? [DSTZ or ?*] Z In what direction? l The large dog turns into a giant eel! The large dog turns into a hobbit! What do you want to zap? [DSTZ or ?*] Z In what direction? l The giant eel turns into a black pudding! The hobbit turns into an ogre! You see here a +0 pair of hard shoes. What do you want to zap? [DSTZ or ?*] Z In what direction? l The black pudding turns into a carnivorous ape! The ogre disappears! What do you want to put on? [t or ?*] Never mind. What do you want to zap? [DSTZ or ?*] Z In what direction? l The carnivorous ape shudders! You kill the poor carnivorous ape! Welcome back to experience level 3. You feel more confident in your skills. You hear the rumble of distant thunder... You kill it! Welcome to experience level 4. You hear the rumble of distant thunder... Really quit? (yes) [no] yes Holmavik comes and takes all your possessions. Do you want to see what you had when you quit? [ynq] (y) y Do you want to see the dungeon overview? [ynq] (y) q Major events: Turn 1: spontiff the neutral male gnomish Healer entered the dungeon 1339: entered the Gnomish Mines 4181: reached Mine Town 9766: killed the Oracle 11802: entered Sokoban 12265: completed sokoban 1 13167: completed sokoban 2 14088: completed sokoban 3 15622: completed sokoban 4 15976: acquired the Sokoban amulet of reflection 23072: acquired the Mines' End luckstone 23944: performed his first genocide (energy vortices) 25437: made his first wish - "blessed +2 gray dragon scale mail" 27142: attained the rank of Empiric (level 3) 28076: stole 1 zorkmid worth of merchandise from Holmavik's general store 28583: quit Inventory: Amulets A - an uncursed amulet of reflection (being worn) Armor h - an uncursed +0 elven leather helm (being worn) g - an uncursed +1 pair of leather gloves (being worn) v - an uncursed +1 pair of low boots (being worn) r - an uncursed +5 elven shield (being worn) q - an uncursed +0 elven cloak (being worn) d - a blessed +2 gray dragon scale mail (being worn) Comestibles y - an uncursed apple a - 12 uncursed cream pies (wielded) n - an uncursed food ration p - an uncursed tripe ration Rings R - an uncursed ring of free action (on right hand) Wands D - an uncursed wand of digging (0:2) Z - an uncursed wand of polymorph (0:4) S - an uncursed wand of sleep (0:0) T - an uncursed wand of teleportation (0:8) Tools f - a blessed bag of holding containing 34 items z - an uncursed leash o - an uncursed magic whistle w - an uncursed mirror x - an uncursed oil lamp k - an uncursed skeleton key named SMOKY RA s - an uncursed stethoscope t - an uncursed towel named Po SI c - a blessed +0 unicorn horn Gems/Stones m - an uncursed ruby E - an uncursed topaz stone H - an uncursed worthless piece of blue glass G - an uncursed worthless piece of yellow glass l - an uncursed luckstone Contents of the bag of holding: 419 gold pieces an uncursed amulet of ESP an uncursed amulet of flying an uncursed +0 silver saber an uncursed +0 mummy wrapping 5 uncursed food rations 2 uncursed tripe rations an uncursed scroll of charging an uncursed scroll of enchant armor a blessed scroll of remove curse an uncursed scroll of teleportation a blessed spellbook of cure blindness 2 uncursed potions of full healing 4 potions of holy water a potion of unholy water an uncursed ring of cold resistance an uncursed ring of fire resistance an uncursed ring of polymorph control an uncursed ring of shock resistance an uncursed ring of stealth an uncursed ring of sustain ability an uncursed wand of digging (0:4) an uncursed wand of enlightenment (0:13) an uncursed wand of polymorph (0:4) an uncursed wand of speed monster (0:4) an uncursed wand of undead turning (0:5) an uncursed wand of undead turning (0:5) an uncursed wand of undead turning (0:4) an uncursed wand of undead turning (0:3) an uncursed +0 pick-axe 2 uncursed amethyst stones 3 uncursed diamonds 3 uncursed emeralds 3 uncursed rubies Spontiff the Healer's attributes: Background: You were an Empiric, a level 4 male gnomish Healer. You were neutral, on a mission for Hermes who was opposed by Athena (lawful) and Poseidon (chaotic). You were in the Gnomish Mines, on level 6. You entered the dungeon 28583 turns ago. You had 92 experience points, 68 more were needed to attain level 5. Your score was 916 before end-of-game adjustments. Basics: You had all 76 hit points. You had 46 out of 64 energy points (spell power). Your armor class was -24. Your wallet was empty. Autopickup was on for '$!/="?' plus thrown, with exceptions. Final Characteristics: Your strength was 16 (limit:18/50). Your dexterity was 12 (limit:18). Your constitution was 18 (limit:18). Your intelligence was 15 (limit:19). Your wisdom was 18 (limit:18). Your charisma was 17 (limit:18). Final Status: You were not hungry. You were unencumbered. You were wielding some food. Final Attributes: You were piously aligned. You were magic-protected. You were poison resistant. You saw invisible. You had infravision. You were stealthy. You had a moderate defense bonus (+10). You were warded. You were fast. You had reflection. You had free action. You were lucky. You had extra luck. Bad luck did not time out for you. Good luck did not time out for you. You survived. Miscellaneous: You encountered 2 bones levels. Total elapsed playing time was 8 hours, 56 minutes and 42 seconds. Vanquished creatures: the Oracle a watch captain 2 ghosts a giant mimic an elven monarch a small mimic an ettin mummy a flaming sphere a large cat a dwarf ruler a tengu 3 human mummies a carnivorous ape 4 watchmen a chameleon 3 giant beetles 4 wolves 2 lynxes a spotted jelly 30 leprechauns an orc-captain 3 giant spiders 2 black lights 2 gnome rulers an orc mummy 2 dwarf mummies 2 brown puddings 2 owlbears a yeti 2 gold golems a werewolf a Green-elf 5 lizards 3 dingoes a housecat 2 dwarf leaders a blue jelly a black unicorn a dust vortex 4 plains centaurs 5 Kop Kaptains 2 gnome mummies 2 snakes 9 water moccasins 3 human zombies 3 Woodland-elves 19 bugbears 3 imps a quasit 2 wood nymphs 4 water nymphs 3 mountain nymphs 2 Mordor orcs 7 Uruk-hai 3 orc shamans 8 rock piercers a rock mole 4 ponies 5 fog clouds 4 yellow lights 11 shriekers 9 gnome leaders 3 gnomish wizards 2 Kop Lieutenants a kobold mummy 6 gray oozes 2 elf zombies a straw golem a paper golem a baby crocodile 5 giant ants a little dog 6 floating eyes 2 kittens 21 dwarves 6 homunculi 2 kobold leaders 7 kobold shamans 8 hill orcs 13 rothes a rabid rat a centipede 5 giant bats 10 Kop Sergeants 2 monkeys 5 orc zombies 8 dwarf zombies a wererat 2 werejackals 15 iguanas 8 killer bees 7 acid blobs 5 coyotes 5 gas spores 10 hobbits 7 manes 7 large kobolds 19 hobgoblins 23 giant rats 7 cave spiders 13 brown molds 13 yellow molds 6 green molds 6 red molds 38 gnomes 19 Keystone Kops 3 garter snakes 4 gnome zombies 21 geckos 19 jackals 10 foxes 6 kobolds 18 goblins 8 sewer rats 36 grid bugs 9 bats 17 lichens a kobold zombie 27 newts 719 creatures vanquished. Genocided species: energy vortices 1 species genocided. Voluntary challenges: You never hit with a wielded weapon. You read items or engraved 29 times. You never engraved Elbereth. You genocided 1 type of monster. You never polymorphed an object. You never changed form. You used 1 wish. You did not wish for any artifacts. You violated the special Sokoban rules once. Achievements: You entered a shop. You entered the Gnomish Mines. You entered Minetown. You entered a temple. You entered Sokoban. You completed Sokoban. You completed the Gnomish Mines. You attained the rank of Empiric. The Dungeons of Doom: levels 1 to 13 Level 1: A sink. Level 2: "Teletrap" Level 3: "Stash; pools; magic trap" A general store, an altar to Hermes, a sink. Stairs down to The Gnomish Mines. Level 4: Level 5: Level 6: Level 7: Many fountains. Oracle of Delphi. Level 8: A fountain. Stairs up to Sokoban, level 7. Level 9: A fountain. Level 10: Many fountains. Level 11: Level 12: Some fountains. Level 13: Summoned by Hippocrates. Portal to The Quest. The Gnomish Mines: levels 4 to 11 Level 4: "magic trap; teletrap" Level 5: "magic trap" Level 6: <- You were here. Many shops, a temple, many fountains, a grave. Final resting place for nurdglaw-Hea-Hum-Fem-Law, killed by a pony. Level 7: Level 8: A grave. Final resting place for RisingThumb-Wiz-Elf-Mal-Cha, killed by a dagger. Level 9: "magic trap" Level 10: Level 11: "Catacombs" Some fountains. The Quest: Level 1: Home. Sokoban: levels 7 up to 4 Level 4: Solved. Level 5: Solved. Level 6: Solved. Level 7: "Spare dog" Solved. Goodbye spontiff the Healer... You quit in The Gnomish Mines on dungeon level 6 with 916 points, and 419 pieces of gold, after 28583 moves. You were level 4 with a maximum of 76 hit points when you quit.